 Dungeon Crawl Stone Soup version 0.29-a0-362-g5854e031c7 (webtiles) character file.

Game seed: 3348601068619902255

172 Morbidden the Skirmisher (level 5, -5/42 HPs)
             Began as a Demonspawn Fighter on Apr 29, 2022.
             Was an Initiate of Hepliaklqana.
             Slain by an ogre
             ... wielding a +0 giant club
              (19 damage)
             ... on level 4 of the Dungeon.
             The game lasted 00:03:09 (2824 turns).

Morbidden the Skirmisher (Demonspawn Fighter)       Turns: 2824, Time: 00:03:09

Health: -5/42      AC:  9    Str: 18    XL:     5   Next: 27%
Magic:  6/6        EV:  8    Int: 10    God:    Hepliaklqana [......]
Gold:   181        SH: 12    Dex: 12    Spells: 6/6 levels left

rFire   . . .      SeeInvis .   a - +0 war axe
rCold   + . .      Faith    .   h - +0 kite shield
rNeg    + . .      Spirit   .   u - +1 scale mail of the Lost Path {rElec rPois rC+ rCorr}
rPois   +          Reflect  .   s - +0 helmet
rElec   +          Harm     .   (no cloak)
rCorr   +          Rampage  .   (no gloves)
Will    .....                   (no boots)
Stlth   ..........              (no amulet)
HPRegen 0.14/turn               m - ring of positive energy
MPRegen 0.10/turn               (no ring)

@: no status effects
A: large bone plates 1, foul stench 1, spiny 1
a: Renounce Religion


You were on level 4 of the Dungeon.
You worshipped Hepliaklqana.
Hepliaklqana was noncommittal.
You visited 1 branch of the dungeon, and saw 4 of its levels.

You collected 181 gold pieces.

Inventory:

Hand Weapons
 a - a +0 war axe (weapon)
Missiles
 q - a curare-tipped dart (quivered)
Armour
 h - a +0 kite shield (worn)
 s - a +0 helmet (worn)
 u - the +1 scale mail of the Lost Path (worn) {rElec rPois rC+ rCorr}
   (You found it on level 3 of the Dungeon)

   rC:        It protects you from cold.
   rElec:     It insulates you from electricity.
   rPois:     It protects you from poison.
   rCorr:     It protects you from acid and corrosion.
Jewellery
 m - a ring of positive energy (left hand)
Wands
 p - a wand of paralysis (4)
Scrolls
 b - a scroll of teleportation {unknown}
 e - 4 scrolls of identify {unknown}
 f - a scroll of fog {unknown}
 r - 3 scrolls of torment {unknown}
Potions
 c - 2 potions of flight {unknown}
 d - 4 potions of might
 g - a potion of brilliance {unknown}
 i - a potion of cancellation {unknown}
 j - a potion of invisibility {unknown}
 k - 3 potions of resistance {unknown}
 l - a potion of curing {unknown}
 n - a potion of magic {unknown}
 o - a potion of mutation {unknown}
 t - a potion of ambrosia {unknown}


   Skills:
 * Level 3.7 Fighting
 * Level 3.4 Axes
 + Level 3.2 Armour
 * Level 1.2 Dodging
 + Level 2.9 Shields
 * Level 1.2 Spellcasting


You had 6 spell levels left.
You didn't know any spells.
Your spell library contained the following spells:

 Spells                   Type           Power      Damage    Failure   Level
 Apportation              Tloc           0%         N/A       98%         1
 Ensorcelled Hibernation  Hex/Ice        0%         N/A       99%         2
 Spider Form              Tmut/Pois      0%         N/A       100%        3
 Anguish                  Hex/Necr       0%         N/A       100%        4
 Fulminant Prism          Conj/Hex       0%         3d6       100%        4
 Iskenderun's Mystic Bla  Conj/Tloc      0%         2d3       100%        4
 Alistair's Intoxication  Tmut/Pois      0%         N/A       100%        5
 Lee's Rapid Deconstruct  Erth           0%         3d5*      100%        5
 Summon Forest            Summ/Tloc      0%         N/A       100%        5
 Eringya's Noxious Bog    Tmut/Pois      0%         N/A       100%        6
 Summon Hydra             Summ           0%         N/A       100%        7


Dungeon Overview and Level Annotations

Branches:
Dungeon (4/15)             Temple (0/1) D:4

Altars:
Hepliaklqana


Innate Abilities, Weirdness & Mutations

You are partially covered in large bone plates. (SH +4)
You may rarely emit foul miasma when damaged in melee.
You are partially covered in sharp spines.


Message History

The orc hits you with a +3 trident of distortion.
You blink.
Unknown command.
You block the orc's attack. The orc hits you but does no damage.
Space warps around you.
Unknown command.
Unknown command.
You slash the orc!
You kill the orc!
No target in view!
Unknown command.
No target in view!
Unknown command.
An ogre comes into view. It is wielding a +0 giant club.
An ogre is nearby!
An ogre is nearby!
Unknown command.
Throw: 3 darts (curare)
Press: ? - help, Q - select action, (/) - cycle Shift-Dir - straight line, f - ogre
Aim: an ogre, wielding a +0 giant club (wandering, hasn't noticed you, 73% to hit)
You throw a curare-tipped dart.
The curare-tipped dart barely misses the ogre.
The ogre shouts!
The ogre is struck by your spines.
The ogre hits you with a +0 giant club!!
Ouch! That really hurt!
You are too injured to fight recklessly!
You are too injured to fight recklessly!
You are too injured to fight recklessly!
You are too injured to fight recklessly!
Unknown command.
Throw: 2 darts (curare)
Press: ? - help, Q - select action, (/) - cycle Shift-Dir - straight line, f/p - ogre
Aim: an ogre, wielding a +0 giant club (lightly wounded, 73% to hit)
You throw a curare-tipped dart. The curare-tipped dart hits the ogre.
The ogre is poisoned.
The ogre convulses.
The ogre seems to slow down.
The ogre is moderately wounded.
The ogre hits you with a +0 giant club!!
You die...

##'#########...# ###
#..........#...#
..#########..........#...#
.....................#...#
.....)...............######
......).............).....#
.....))...................#
..........................#
................@.........#
.........>.....O..........#
#######.........###+#######
#.........# #......(..#
#.........# #..>......#
#.........# #.........


You could see an ogre (very poisoned, slow).

Vanquished Creatures
  Ijyb (D:3)
  5 adders
  3 worms
  3 dart slugs
  7 orcs
  8 ball pythons
  7 bats
  5 endoplasms
  5 giant cockroaches
  5 goblins
  7 hobgoblins
  2 jackals (D:2)
  8 kobolds
  3 quokkas
  5 frilled lizards
  3 rats
77 creatures vanquished.

Notes
Turn   | Place    | Note
-------+----------+-------------------------------------------
     0 | D:1      | Morbidden the Demonspawn Fighter began the quest for the
                  | Orb.
     0 | D:1      | Reached XP level 1. HP: 18/18 MP: 1/1
    79 | D:1      | Gained mutation: You are partially covered in large bone
                  | plates. (SH +4) [demonic ancestry]
    79 | D:1      | Reached XP level 2. HP: 10/24 MP: 2/2
   602 | D:1      | Gained mutation: You are partially covered in sharp spines.
                  | [demonic ancestry]
   602 | D:1      | Reached XP level 3. HP: 22/29 MP: 3/3
  1362 | D:2      | Gained mutation: You may rarely emit foul miasma when
                  | damaged in melee. [demonic ancestry]
  1362 | D:2      | Reached XP level 4. HP: 34/35 MP: 5/5
  1565 | D:2      | Found a faded altar of an unknown god.
  2063 | D:3      | Noticed Ijyb
  2070 | D:3      | Paralysed by Ijyb for 2 turns
  2078 | D:3      | Killed Ijyb
  2079 | D:3      | Reached skill level 1 in Dodging
  2079 | D:3      | Reached skill level 1 in Spellcasting
  2206 | D:3      | Identified the +1 scale mail of the Lost Path {rElec rPois
                  | rC+ rCorr}
  2283 | D:3      | Reached XP level 5. HP: 39/42 MP: 6/6
  2517 | D:3      | Found a hazy altar of Hepliaklqana.
  2581 | D:3      | Became a worshipper of Hepliaklqana the Forgotten
  2605 | D:4      | Found a staircase to the Ecumenical Temple.
  2819 | D:4      | Noticed an ogre
  2824 | D:4      | Slain by an ogre

Illustrated notes

Levels and vault maps discovered:
D:1:      dpeg_arrival_water_temple_mockup, layout_basic
D:2:      layout_basic, shapermc_ecumenical_altar_mp_vishouse,
          corexii_corridor_pit, minmay_tall_x
D:3:      layout_rooms, worldfamousw_hep_ancestral_shrine,
          hangedman_decor_growths, dreamdust_mushroom_princess,
          amcnicky_mini_rare_corridor_liquid, uniq_ijyb
D:4:      layout_gridville, okawaru_metal_pillars_1_2, minmay_temple_entry_tees,
          chequers_serial_rivers_micro_e

Skill      XL: |  1  2  3  4 |
---------------+-------------+-----
Axes           | 2 3 |  3.4
Armour         | 3 |  3.2
Dodging        | 1 |  1.2
Spellcasting   | 1 |  1.2
Fighting       | |  3.7
Shields        | |  2.9

Action                   |  1- 3 |  4- 6 || total
-------------------------+-------+-------++-------
Melee: War axe           |   121 |    65 ||   186
Throw: Dart              |       |     2 ||     2
Armor: Scale mail        |    55 |    22 ||    77
Dodge: Dodged            |    36 |    11 ||    47
Block: Buckler           |    31 |       ||    31
       Kite shield       |    51 |    35 ||    86

Table legend: (Time is in decaauts)
 A = Elapsed time spent in this place.
 B = Non-inter-level travel time spent in this place.
 C = Inter-level travel time spent in this place.
 D = Time resting spent in this place.
 E = Time spent auto-exploring this place.
 F = Levels seen in this place.
 G = Mean time per level.
                   A        B        C        D        E       F      G
               +--------+--------+--------+--------+--------+-----+--------+
         Total |   2918 |   2835 |     83 |    279 |   2009 |   4 |  729.5 |
       Dungeon |   2918 |   2835 |     83 |    279 |   2009 |   4 |  729.5 |
               +--------+--------+--------+--------+--------+-----+--------+

Top non-repeatable levels by time:
     D:1: 1126 daAuts
     D:2: 988 daAuts
     D:3: 574 daAuts
     D:4: 229 daAuts
